 Dungeon Crawl Stone Soup version 0.31-a0-222-gefeffbb62a (webtiles) character file.

Game seed: 16233350204373119322

325 qw the Shooter (level 6, 0/52 HPs)
             Began as a Minotaur Hexslinger on July 5, 2023.
             Was an Initiate of Okawaru.
             Slain by Edmund
             ... wielding a +1 flail of holy wrath
              (2 damage)
             ... on level 5 of the Dungeon.
             The game lasted 00:01:05 (2949 turns).

qw the Shooter (Minotaur Hexslinger)                Turns: 2949, Time: 00:01:06

Health: 0/52       AC:  7    Str: 16    XL:     6   Next: 24%
Magic:  6/6        EV: 11    Int:  9    God:    Okawaru [......]
Gold:   171        SH:  0    Dex: 14    Spells: 6/7 levels left

rFire   . . .        Y - +1 sling
rCold   . . .        (no shield)
rNeg    . . .        a - +0 ring mail
rPois   .            (helmet unavailable)
rElec   .            (no cloak)
rCorr   .            h - +1 pair of gloves
SInv    +            (no boots)
Will    .....        (no amulet)
Stlth   +            b - ring of see invisible
HPRegen 0.28/turn    (no ring)
MPRegen 0.10/turn

%: clarity
@: about to teleport
A: horns 3, retaliatory headbutt, clarity, strong 1
a: Renounce Religion


You were on level 5 of the Dungeon.
You worshipped Okawaru.
Okawaru was noncommittal.
You visited 2 branches of the dungeon, and saw 7 of its levels.

You collected 171 gold pieces.


Innate Abilities, Weirdness & Mutations

You have a pair of large horns on your head.
You reflexively headbutt those who attack you in melee.
You possess an exceptional clarity of mind.
Your muscles are strong. (Str +4, Int/Dex -1)


   Skills:
 - Level 4.2 Fighting
 + Level 6.0 Ranged Weapons
 - Level 1.1 Armour
 - Level 2.1 Dodging
 - Level 1.0 Spellcasting
 - Level 2.0 Hexes


You had 6 spell levels left.
You knew the following spells:

 Your Spells              Type           Power      Damage    Failure   Level
a - Slow                  Hex            16%        N/A       30%         1

Your spell library contained the following spells:

 Spells                   Type           Power      Damage    Failure   Level
 Inner Flame              Hex/Fire       2%         N/A       80%         3
 Portal Projectile        Hex/Tloc       4%         N/A       80%         3
 Cause Fear               Hex            2%         N/A       97%         4

Inventory:

Hand Weapons
 Y - a +1 sling (weapon)
Armour
 a - a +0 ring mail (worn)
 h - a +1 pair of gloves (worn)
Jewellery
 b - a ring of see invisible (left hand)
Potions
 c - a potion of degeneration {unknown}
 d - 5 potions of mutation
 e - 3 potions of curing
 j - 2 potions of enlightenment

Dungeon Overview and Level Annotations

Branches:
Dungeon (6/15)             Temple (1/1) D:4

Altars:
Ashenzari
Cheibriados
Dithmenos
Elyvilon
Fedhas
Gozag
Hepliaklqana
Kikubaaqudgha
Makhleb
Okawaru
Qazlal
Ru
Sif Muna
Uskayaw
Vehumet
Wu Jian
Xom
Yredelemnul
Zin
The Shining One

Shops:
D:2 :   D:3 :

Annotations:
D:5 Edmund


Message History

You shoot a sling bullet. The sling bullet barely misses Edmund.
Edmund says, "People accused me of being a cutpurse!"
Edmund hits you with a +1 flail of holy wrath!
Edmund hits you with a +1 flail of holy wrath.
You shoot a sling bullet. The sling bullet barely misses Edmund.
Edmund hits you with a +1 flail of holy wrath.
You shoot a sling bullet. The sling bullet hits Edmund.
Edmund is lightly wounded.
Edmund hits you with a +1 flail of holy wrath.
You shoot a sling bullet. The sling bullet barely misses Edmund.
Edmund asks, "Have you met my wondrous brother?"
Edmund hits you with a +1 flail of holy wrath.
You shoot a sling bullet.
The sling bullet hits Edmund but does no damage.
Edmund is lightly wounded.
Edmund hits you but does no damage.
You shoot a sling bullet. The sling bullet hits Edmund!
Edmund is moderately wounded.
Edmund hits you with a +1 flail of holy wrath. x2
You shoot a sling bullet. The sling bullet barely misses Edmund.
Edmund hits you but does no damage.
You shoot a sling bullet.
The sling bullet hits Edmund but does no damage.
Edmund is moderately wounded.
Edmund hits you but does no damage.
You shoot a sling bullet. The sling bullet closely misses Edmund.
Edmund hits you but does no damage.
You shoot a sling bullet.
The sling bullet hits Edmund but does no damage.
Edmund is moderately wounded.
Edmund hits you with a +1 flail of holy wrath.
You shoot a sling bullet. The sling bullet hits Edmund.
Edmund is moderately wounded.
Edmund hits you with a +1 flail of holy wrath.
Edmund hits you with a +1 flail of holy wrath!
2949 ||| READING scroll of teleportation.
As you read the scroll of teleportation, it crumbles to dust.
You feel strangely unstable.
Edmund hits you with a +1 flail of holy wrath.
You die...

#.#.##.##.# ##...## #......#
#.#.##.##.# ##.....## #...##.#
#.........###.......## ##.###.#
###.#>..####.........####...##.#
.........>.'.........'.......#.#
###.#...####..[......####...##.#
#.##.## ##.......## ##.###.#
###.#### ##.....## ### #.#
#......# ##.@.## #.# #.#.##.#
##@## #.# #.#.##.# #.# ##.#
#.#<##.# #.# #..# #.#....# #.#
#.## #.####.# ... #.# #.# #.#
... #.# #.####.# ... #.#
#......#######. .#.##########.#


You could see Edmund.

Vanquished Creatures
  An ogre (D:4)
  A scorpion (D:5)
  2 hounds (D:5)
  A sleepcap (D:4)
  4 adders
  An ufetubus (D:3)
  8 orcs
  10 ball pythons
  7 endoplasms
  3 giant cockroaches
  2 goblins
  4 hobgoblins
  3 quokkas
  5 bats
  6 kobolds
  8 rats
66 creatures vanquished.

Notes
Turn   | Place    | Note
-------+----------+-------------------------------------------
     0 | D:1      | qw the Minotaur Hexslinger began the quest for the Orb.
     0 | D:1      | Reached XP level 1. HP: 16/16 MP: 1/1
     0 | D:1      | 0 ||| qw: Version: 0.3-a-46-gb1f654a
     0 | D:1      | 0 ||| qw: Game counter: 1022
     0 | D:1      | 0 ||| qw: Melee chars always use a shield: true
     0 | D:1      | 0 ||| qw: God list: Okawaru
     0 | D:1      | 0 ||| qw: Allow faded altars: false
     0 | D:1      | 0 ||| qw: Do Orc after clearing Dungeon:15 true
     0 | D:1      | 0 ||| qw: Do second Lair branch before Depths: true
     0 | D:1      | 0 ||| qw: Lair rune preference: random
     0 | D:1      | 0 ||| qw: Goals: Normal
     0 | D:1      | 0 ||| PLANNING D:1-11
   151 | D:1      | Reached skill level 3 in Ranged Weapons
   151 | D:1      | Reached XP level 2. HP: 23/23 MP: 2/2
   649 | D:1      | 649 ||| UPGRADING to +0 leather armour.
   659 | D:1      | 659 ||| DROPPING +0 robe.
   660 | D:1      | 660 ||| READING scroll labelled UNKETI ESIL.
   665 | D:1      | 665 ||| READING scroll labelled BINLOUCKEC.
   666 | D:1      | 666 ||| DRINKING 2 ruby potions.
   667 | D:1      | 667 ||| DROPPING scroll of poison.
   713 | D:2      | Reached XP level 3. HP: 12/29 MP: 3/3
   892 | D:2      | Found Simiduj's Book Shop.
  1236 | D:2      | Reached skill level 4 in Ranged Weapons
  1443 | D:2      | 1443 ||| UPGRADING to +0 ring mail.
  1453 | D:2      | 1453 ||| DROPPING +0 leather armour.
  1454 | D:2      | 1454 ||| UPGRADING to ring of see invisible.
  1455 | D:2      | 1455 ||| DROPPING ring of wizardry.
  1456 | D:2      | 1456 ||| READING scroll labelled ROAME LEYDA.
  1457 | D:2      | 1457 ||| READING scroll labelled PADUYX QUR.
  1458 | D:2      | 1458 ||| DRINKING 3 dark potions.
  1458 | D:2      | Gained mutation: You have a pair of large horns on your
                  | head. [potion of mutation]
  1458 | D:2      | Gained mutation: You possess an exceptional clarity of
                  | mind. [potion of mutation]
  1458 | D:2      | Gained mutation: Your muscles are strong. (Str +4, Int/Dex
                  | -1) [potion of mutation]
  1474 | D:3      | Found a basalt altar of Yredelemnul.
  1488 | D:3      | Found Poih's Book Shoppe.
  1873 | D:3      | Found a faded altar of an unknown god.
  1889 | D:3      | 1889 ||| UPGRADING to +1 pair of gloves.
  1894 | D:3      | 1894 ||| READING scroll labelled RIBISA GASOG.
  1895 | D:3      | 1895 ||| READING scroll labelled ICOASU SYCUTT.
  1896 | D:3      | 1896 ||| DRINKING 2 murky clear potions.
  1897 | D:3      | 1897 ||| DRINKING 2 brown potions.
  1898 | D:3      | 1898 ||| DROPPING potion of attraction.
  1929 | D:4      | 1929 ||| STAIRDANCE
  1932 | D:3      | Reached skill level 1 in Armour
  1969 | D:4      | 1969 ||| STAIRDANCE
  1974 | D:3      | Reached XP level 4. HP: 29/36 MP: 4/4
  2108 | D:4      | Reached skill level 5 in Ranged Weapons
  2179 | D:4      | 2179 ||| Stepping ~*~*~tactically~*~*~ (outnumbered).
  2214 | D:4      | Found a staircase to the Ecumenical Temple.
  2214 | D:4      | You fall into a shaft and drop 2 floors!
  2224 | D:6      | 2224 ||| DRINKING 2 white potions.
  2233 | D:5      | Entered Level 5 of the Dungeon
  2240 | D:5      | Reached skill level 3 in Fighting
  2240 | D:5      | Reached XP level 5. HP: 44/45 MP: 5/5
  2333 | D:4      | 2333 ||| PLANNING TEMPLE
  2383 | Temple   | Entered the Ecumenical Temple
  2394 | Temple   | 2394 ||| PLANNING OKAWARU WORSHIP
  2435 | Temple   | Became a worshipper of Warmaster Okawaru
  2436 | Temple   | 2436 ||| PLANNING D:1-11
  2478 | D:4      | Reached skill level 6 in Ranged Weapons
  2533 | D:4      | Noticed an ogre
  2537 | D:4      | HP: 9/45 [ogre/+0 giant club (25)]
  2538 | D:4      | 2538 ||| READING 2 scrolls of teleportation.
  2539 | D:4      | 2539 ||| DRINKING potion of heal wounds.
  2708 | D:4      | Killed an ogre
  2709 | D:4      | Reached XP level 6. HP: 50/52 MP: 6/6
  2848 | D:4      | 2848 ||| READING scroll labelled IHODO UFRE.
  2934 | D:5      | Noticed Edmund
  2948 | D:5      | HP: 10/52 [Edmund/+1 flail of holy wrath (6)]
  2948 | D:5      | HP: 2/52 [Edmund/+1 flail of holy wrath (8)]
  2949 | D:5      | 2949 ||| READING scroll of teleportation.
  2949 | D:5      | Slain by Edmund

Levels and vault maps discovered:
D:1:      elethiomel_arrival_infinity_welcomes_careful_drivers, layout_basic
D:2:      layout_loops_ring, serial_shops, shop, kennysheep_generic_room_16
D:3:      layout_rooms, overflow_temple_1_default, basic_ecumenical_altar,
          serial_shops, nicolae_shop_temple_entry_statues_fountains
D:4:      layout_cave_pools, minmay_temple_entry_hall
D:5:      layout_loops_corners, trog_hazing_becter, general_overflow_altar,
          item_on_display_a, uniq_edmund
D:6:      layout_loops_ring
Temple:   hellmonk_temple_of_storms

Skill      XL: |  1  2  3  4  5 |
---------------+----------------+-----
Ranged Weapons | 3 4 5 6 |  6.0
Fighting       | 2 3 4 |  4.2
Armour         | 1 |  1.1
Dodging        | |  2.1
Spellcasting   | |  1.0
Hexes          | |  2.0

Action                     |  1- 3 |  4- 6 || total
---------------------------+-------+-------++-------
   Fire: Sling             |   104 |   100 ||   204
    Use: Scroll            |     6 |     3 ||     9
         Potion            |     4 |     2 ||     6
 Armour: Robe              |     1 |       ||     1
         Leather armour    |     2 |       ||     2
         Ring mail         |    12 |    20 ||    32
  Dodge: Dodged            |    33 |    37 ||    70

Table legend:
 A = Non-vault XP
 B = Vault XP
 C = Vault XP percentage of total XP
 D = Non-vault monster count
 E = Vault monster count
 F = Vault count percentage of total count
                 A         B        C        D         E       F
            +---------+---------+-------+---------+---------+-------
      Total |     459 |       6 |   1.3 |      62 |       4 |   6.1
            +---------+---------+-------+---------+---------+-------
        D:1 |      30 |       0 |   0.0 |      19 |       0 |   0.0
        D:2 |      41 |       6 |  12.8 |      13 |       4 |  23.5
        D:3 |      23 |       0 |   0.0 |       9 |       0 |   0.0
        D:4 |     206 |       0 |   0.0 |      18 |       0 |   0.0
        D:5 |     159 |       0 |   0.0 |       3 |       0 |   0.0
            +---------+---------+-------+---------+---------+-------
